 Dungeon Crawl Stone Soup version 0.29-a0-378-gc08b2e8bf8 (webtiles) character file.

Game seed: 6439154279448631521

21 ryw the Skirmisher (level 2, 0/25 HPs)
             Began as a Demonspawn Monk on May 5, 2022.
             Slain by a jackal (3 damage)
             ... on level 1 of the Dungeon.
             The game lasted 00:01:05 (761 turns).

ryw the Skirmisher (Demonspawn Monk)                 Turns: 761, Time: 00:01:06

Health: 0/25       AC:  3    Str: 11    XL:     2   Next: 65%
Magic:  2/2        EV: 12    Int: 11    God:
Gold:   22         SH:  4    Dex: 15    Spells: 1/1 levels left

rFire   . . .      SeeInvis .     - Unarmed
rCold   . . .      Faith    .   (no shield)
rNeg    . . .      Spirit   .   a - +0 robe
rPois   .          Reflect  .   (no helmet)
rElec   .          Harm     .   (no cloak)
rCorr   .          Rampage  .   (no gloves)
Will    .....                   f - +0 pair of boots
Stlth   ++........              (no amulet)
HPRegen 0.08/turn               (no ring)
MPRegen 0.08/turn               (no ring)

@: no status effects
A: large bone plates 1
a: no special abilities


You were on level 1 of the Dungeon.
You visited 1 branch of the dungeon, and saw 1 of its levels.

You collected 22 gold pieces.

Inventory:

Armour
 a - a +0 robe (worn)
 f - a +0 pair of boots (worn)
Jewellery
 c - a ring of willpower
Scrolls
 d - a scroll of amnesia {unknown}
Potions
 b - a potion of ambrosia


   Skills:
 + Level 4.0 Fighting
 - Level 2.6 Dodging
 - Level 1.7 Stealth
 - Level 2.6 Unarmed Combat


You had one spell level left.
You didn't know any spells.
Your spell library was empty.

Dungeon Overview and Level Annotations

Branches:
Dungeon (1/15)

Altars:


Innate Abilities, Weirdness & Mutations

You are partially covered in large bone plates. (SH +4)


Message History

The jackal is heavily wounded.
The jackal closely misses you.
You barely miss the jackal.
The jackal is heavily wounded.
The jackal bites you.
You hit the jackal. You punch the jackal.
You kill the jackal!
Your Fighting skill increases to level 4!
You closely miss the jackal. The jackal closely misses you.
The jackal misses you.
You hit the jackal.
The jackal is almost dead.
You block the jackal's attack.
You barely miss the jackal.
The jackal is almost dead.
The jackal closely misses you.
You closely miss the jackal.
The jackal is almost dead.
The jackal barely misses you. x2
You hit the jackal.
You kill the jackal!
You barely miss the jackal.
The jackal bites you but does no damage.
The jackal bites you.
* * * LOW HITPOINT WARNING * * *
You hit the jackal.
The jackal is heavily wounded.
The jackal barely misses you.
You hit the jackal but do no damage.
The jackal is heavily wounded.
The jackal closely misses you.
You barely miss the jackal.
The jackal is heavily wounded.
The jackal bites you.
* * * LOW HITPOINT WARNING * * *
The jackal closely misses you.
You closely miss the jackal.
The jackal is heavily wounded.
The jackal bites you.
You die...

#..#.#..##.# #.##.#
#.......##.# #..... #
####.#####.# ####.# #. #.#
#.######.# #.. ####
#.#####........# #S.. ..#
#.##≈≈≈§≈≈≈≈≈≈## #....####.#
#.##≈8§≈≈≈≈≈8≈##
..........###.##≈§8≈≈≈≈8≈≈..
.........rh@....§≈≈####≈≈§..
.........h##...#≈§≈#<.'≈§≈..
#....####.##...#≈≈≈#..'≈§§..
##... ..##...#§≈≈####≈§≈..
#... ####.....≈≈8≈≈≈≈8≈≈..
#.. ##....#≈8≈≈≈≈≈≈8≈## #...
##.....#≈≈§§≈≈≈≈≈≈#.
####...###
#.......#.########.#
##.........#
#..........>.####.#.


You could see 2 jackals and a rat.

Vanquished Creatures
  A ball python (D:1)
  2 hobgoblins (D:1)
  6 jackals (D:1)
  3 quokkas (D:1)
  4 bats (D:1)
  A rat (D:1)
17 creatures vanquished.

Notes
Turn   | Place    | Note
-------+----------+-------------------------------------------
     0 | D:1      | ryw the Demonspawn Monk began the quest for the Orb.
     0 | D:1      | Reached XP level 1. HP: 18/18 MP: 1/1
   535 | D:1      | Gained mutation: You are partially covered in large bone
                  | plates. (SH +4) [demonic ancestry]
   535 | D:1      | Reached XP level 2. HP: 21/24 MP: 2/2
   752 | D:1      | Reached skill level 4 in Fighting
   761 | D:1      | Slain by a jackal

Illustrated notes

Levels and vault maps discovered:
D:1:      lightli_arrival_boilingwater, layout_loops_cross,
          hellmonk_ecumenical_altar_inner_sanctum, minmay_tiny_reverse_x

Skill      XL: |  1  2 |
---------------+-------+-----
Fighting       | 4 |  4.0
Dodging        | |  2.6
Stealth        | |  1.7
Unarmed Combat | |  2.6

Action                   || total
-------------------------++-------
Melee: Unarmed           ||    97
       Punch             ||     1
  Use: Potion            ||     1
 Stab: Sleeping          ||     2
Armor: Robe              ||    24
Dodge: Dodged            ||    88
Block: Other             ||    13

Table legend: (Time is in decaauts)
 A = Elapsed time spent in this place.
 B = Non-inter-level travel time spent in this place.
 C = Inter-level travel time spent in this place.
 D = Time resting spent in this place.
 E = Time spent auto-exploring this place.
 F = Levels seen in this place.
 G = Mean time per level.
                   A        B        C        D        E       F      G
               +--------+--------+--------+--------+--------+-----+--------+
         Total |    762 |    762 |      0 |      0 |    611 |   1 |  762.0 |
       Dungeon |    762 |    762 |      0 |      0 |    611 |   1 |  762.0 |
               +--------+--------+--------+--------+--------+-----+--------+

Top non-repeatable levels by time:
     D:1: 762 daAuts
